 Dungeon Crawl Stone Soup version 0.25.1-2-g60ff931df9 (webtiles) character file.

Game seed: 756121314117396630

88 zeroc00l the Digger (level 4, -1/24 HPs)
             Began as a Gargoyle Earth Elementalist on Oct 2, 2020.
             Was an Initiate of Sif Muna.
             Killed by divine providence
             ... invoked by an orc priest
              (14 damage)
             ... on level 3 of the Dungeon.
             The game lasted 00:05:14 (2260 turns).

zeroc00l the Digger (Gargoyle Earth Elementalist)   Turns: 2260, Time: 00:05:14

Health: -1/24      AC:  5    Str: 11    XL:     4   Next: 53%
Magic:  7/7        EV: 12    Int: 17    God:    Sif Muna [......]
Gold:   39         SH:  4    Dex: 10    Spells: 2/8 levels left

rFire    . . .     SeeInvis .   a - +0 whip (venom)
rCold    . . .     Gourm    .   e - +0 buckler
rNeg     + . .     Faith    .   c - +0 robe
rPois    ∞         Spirit   .   (no helmet)
rElec    +         Reflect  .   (no cloak)
rCorr    .         Harm     .   (no gloves)
MR       .....                  (no boots)
Stlth    ++........             (no amulet)
HPRegen  0.08/turn              (no ring)
MPRegen  0.10/turn              (no ring)

@: no status effects
A: negative energy resistance 1, electricity resistance, unbreathing,
petrification resistance, rot immunity, AC +3
a: Renounce Religion


You were on level 3 of the Dungeon.
You worshipped Sif Muna.
Sif Muna was noncommittal.
You were not hungry.

You visited 1 branch of the dungeon, and saw 3 of its levels.

You collected 39 gold pieces.

Inventory:

Hand Weapons
 a - a +0 whip of venom (weapon)
Missiles
 b - 109 stones (quivered)
 k - 5 boomerangs
Armour
 c - a +0 robe (worn)
 e - a +0 buckler (worn)
Wands
 i - a wand of disintegration (9)
Scrolls
 f - a scroll of teleportation {unknown}
 g - a scroll of identify {unknown}
 l - a scroll of amnesia {unknown}
 m - a scroll of blinking {unknown}
 o - 3 scrolls of magic mapping {unknown}
Potions
 h - a potion of cancellation {unknown}
 j - a potion of ambrosia {unknown}
 n - a potion of resistance {unknown}
Comestibles
 d - 3 rations


   Skills:
 + Level 2.2 Dodging
 - Level 2.1 Stealth
 * Level 2.3 Shields
 + Level 2.6 Spellcasting
 - Level 0.7 Transmutations
 + Level 4.4 Earth Magic


You had 2 spell levels left.
You knew the following spells:

 Your Spells              Type           Power        Failure   Level  Hunger
a - Sandblast             Erth           ###...       3%          1    #......
b - Passwall              Tmut/Erth      ##......     12%         2    ##.....
c - Stone Arrow           Conj/Erth      #.....       26%         3    ###....

Your spell library contained the following spells:

 Spells                   Type           Power        Failure   Level  Hunger
 Petrify                  Tmut/Erth      ##......     61%         4    #####..
 Lee's Rapid Deconstruct  Erth           ###.......   69%         5    ######.


Dungeon Overview and Level Annotations

Branches:
Dungeon (3/15)

Altars:
Sif Muna


Innate Abilities, Weirdness & Mutations

You are resistant to torment.
Your stone body is resilient. (AC +3)
You are immune to poison.
You resist negative energy. (rN+)
You are resistant to electric shocks. (rElec)
You can survive without breathing.
You are immune to petrification.
You are immune to rotting.


Message History

You have reached level 4!
You feel clever.
Okay, then.
Found a robe.
An orc comes into view. It is wielding a -1 short sword.
An orc is nearby!
The orc hits you but does no damage.
You barely miss the orc.
An orc priest comes into view. It is wielding a +0 flail.
The orc barely misses you.
You hit the orc.
The orc is lightly wounded.
The orc priest calls down the wrath of Beogh upon you.
Beogh smites you!
A frilled lizard comes into view.
The orc misses you.
The orc priest mumbles some strange prayers to Beogh against you.
Beogh smites you!
Ouch! That really hurt!
You die...

..........#...#
#.............#
....##.###....######
.........>..........
.#.###............#
....#........(#.#.#
####...#........#.#
...##..#...#.####.####..
##.....#........@o...'..
.#.#####.#.#....#.####o.
#.................#
###############.###
....... .[# ..##### #.#
..# #l. ### #..


You could see an orc priest, an orc and a frilled lizard (wandering).

Vanquished Creatures
  A howler monkey (D:3)
  2 adders (D:2)
  A worm (D:2)
  4 goblins
  5 hobgoblins
  5 kobolds
  A ball python (D:1)
  4 bats
  2 frilled lizards (D:2)
  8 rats
33 creatures vanquished.

Notes
Turn   | Place    | Note
-------+----------+-------------------------------------------
     0 | D:1      | zeroc00l the Gargoyle Earth Elementalist began the quest
                  | for the Orb.
     0 | D:1      | Reached XP level 1. HP: 10/10 MP: 3/3
   351 | D:1      | Reached XP level 2. HP: 15/15 MP: 5/5
   393 | D:1      | Reached skill level 4 in Earth Magic
   397 | D:1      | Learned a level 2 spell: Passwall
  1253 | D:2      | Reached skill level 1 in Shields
  1333 | D:2      | Reached XP level 3. HP: 19/19 MP: 6/6
  1338 | D:2      | Learned a level 3 spell: Stone Arrow
  2097 | D:2      | Found a shimmering blue altar of Sif Muna.
  2100 | D:2      | Became a worshipper of Sif Muna the Loreminder
  2250 | D:3      | Reached XP level 4. HP: 24/24 MP: 7/7
  2260 | D:3      | Killed from afar by an orc priest

Illustrated notes

Levels and vault maps discovered:
D:1:      dpeg_arrival_arbitrary_c, layout_basic, chequers_jeans
D:2:      layout_basic, lemuel_blue_sif_altar
D:3:      layout_basic, marbit_many_paths

Skill      XL: |  1  2  3 |
---------------+----------+-----
Earth Magic    | 4 |  4.4
Shields        | 1 2 |  2.3
Dodging        | 2 |  2.2
Stealth        | |  2.1
Spellcasting   | |  2.6
Transmutations | |  0.7

Action                   |  1- 3 |  4- 6 || total
-------------------------+-------+-------++-------
Melee: Dagger            |    10 |       ||    10
       Unarmed           |     6 |       ||     6
       Whip              |    92 |     2 ||    94
 Cast: Sandblast         |    12 |       ||    12
 Stab: Sleeping          |     3 |       ||     3
  Eat: Chunk             |     4 |       ||     4
Armor: Robe              |    29 |     1 ||    30
Dodge: Dodged            |    65 |     2 ||    67
Block: Buckler           |     9 |       ||     9
